[Event "3rd Sharjah Challengers 2023"]
[Site "Sharjah"]
[Date "2023.05.25"]
[Round "9.5"]
[White "Vandenbussche, Thibaut"]
[Black "Saydaliev, Saidakbar"]
[Result "0-1"]
[ECO "C48"]
[WhiteElo "2437"]
[BlackElo "2434"]
[Annotator "TA"]
[PlyCount "130"]
[EventDate "2023.05.16"]
[EventType "swiss"]
[EventCountry "UAE"]
[SourceTitle "playchess.com"]
[Source "ChessBase"]
[SourceQuality "1"]
[TimeControl "5400+30"]

1. e4 e5 2. Nf3 Nc6 3. Nc3 Nf6 4. Bb5 Bd6 5. d3 h6 6. a3 {[%emt 0:03:47] C48: Four Knights: 4 Bb5, replies other than 4...Bb4.} a6 7. Bxc6 dxc6 8. h3 {[%emt 0:00:03] The position is equal.} c5 9. Be3 Be6 10. Qd2 {[%emt 0:05:10] [#]} Nd7 $146 ({Predecessor:} 10... O-O 11. O-O-O b5 12. a4 b4 13. Nd5 Nxd5 14. exd5 Bxd5 15. Rhg1 c4 16. d4 c3 17. bxc3 bxc3 18. Qxc3 {0-1 Ber,K-Kaaf,H Rangliste 1000-1300 22891 2021}) 11. Ne2 Qe7 12. Ng3 O-O-O {[%emt 0:01:37] [#]} 13. b4 $1 g6 (13... h5 14. Nh4) 14. bxc5 Bxc5 15. Qc3 Bd6 16. d4 exd4 17. Bxd4 Rhe8 18. O-O f5 (18... f6 $15) 19. exf5 gxf5 20. Nh5 Rg8 21. Rab1 $2 (21. Nf6 $15) 21... Bd5 $19 {[%emt 0:01:57][%cal Og8g2] This pair of bishops is nice.} (21... Bxa3 22. Rfe1 Bd6 23. Ng7 (23. Qb2 b6 $16) 23... Rxg7 24. Bxg7 $16) 22. Rfd1 Qf7 ({And not} 22... Bxa3 23. Re1 Qf7 24. Nf4 $15) 23. Bg7 Nc5 $2 (23... f4 $19 24. Rxd5 Qxd5) 24. Rxd5 $17 {[%emt 0:02:16][%mdl 64] Decoy} Qxd5 25. Nf6 Qa2 26. Ra1 Qe6 (26... Na4 $1 $17 27. Qd4 Qf7 28. Nxg8 Bh2+ {[%mdl 64] Discovered Attack} 29. Kxh2 Rxd4 30. Bxd4 Qxg8) 27. Nxg8 $15 Rxg8 28. Qf6 (28. Bd4 $15 Qd5 29. Re1) 28... Qd7 $1 $17 29. Bxh6 Ne4 30. Qd4 (30. Qb2 $17) 30... Qh7 $2 (30... Qe6 $1 $19 31. Qa7 Qg6) 31. Qa7 $2 Kd7 ({But not} 31... Qxh6 32. Qa8+ Kd7 33. Qxg8 $18) (31... Qg6 $19 {[%csl Gg8][%cal Rg6g2] and Black stays clearly on top.} 32. Nh4 Qf6) 32. Qe3 Bc5 {[%emt 0:00:59] Black has more active pieces.} 33. Qb3 Bxf2+ 34. Kh1 Kc8 $40 {[%emt 0:00:16][%cal Bd7c8,Bc8b8,Bb8a8,Ba8a7][%mdl 160] aiming for ...Qg6. Black is out for blood. The board is on fire.} 35. Rb1 (35. Qe6+ $17 {might work better.} Kb8 36. Rb1) 35... Bb6 $2 ({Better is} 35... Nc5 $1 $19 36. Qd5 Rd8) 36. Qe6+ (36. Be3 $11) 36... Kb8 $15 {[%emt 0:00:03] Threatens to win with ...Rg6.} 37. Rxb6 $2 (37. Ne5 $15) 37... cxb6 $19 38. Ne5 Rd8 {[%emt 0:02:30] Prevents Nd7+.} (38... Ka7 $1 $19 {...Rd8 would be deadly.} 39. Be3 Nc5) 39. Bf4 {[%emt 0:00:32] Nc6+ would kill now.} Ka8 $1 (39... Rd1+ $2 40. Kh2 Ka7 41. Nc4 $16) 40. Nc4 Qh4 ({Black should play} 40... Qg8 $1 $17 41. Qxg8 Rxg8 42. Nxb6+ Ka7) 41. Nxb6+ Ka7 42. Nd5 $2 {[%emt 0:00:00] [#]} (42. Nd7 $1 $11 {and White has nothing to worry.}) 42... Rxd5 $1 {[%emt 0:00:10][%mdl 576] Remove Defender} 43. Be3+ {[%emt 0:00:25] [#]} Rc5 $1 44. Bxc5+ Nxc5 45. Qxf5 Qd4 {[%emt 0:00:52] White must now prevent ...Qa1+.} 46. Kh2 a5 $1 47. Qg5 (47. Qf3 $142) 47... Qd6+ (47... Qc3 $19 48. Qg3 Qxc2) 48. Qg3 (48. g3 $17) 48... Qxg3+ $1 49. Kxg3 {[%emt 0:00:01] KN-KP} b5 $1 {[%emt 0:00:00] ( -> ...a4)} 50. h4 a4 $1 {[%emt 0:02:03] Black mates.} 51. c3 {[%emt 0:00:29] [#]} Ne4+ $1 52. Kf3 Nxc3 {[%emt 0:00:04] KN-K3P} 53. Ke3 Nd5+ 54. Kd2 {[%emt 0:00:34] [#]} Nf6 $1 55. Kc3 Kb6 56. Kd4 Kc6 57. g3 Kd6 58. Kd3 Kc5 59. Kc2 Kc4 60. Kb2 Kd3 61. Ka1 Kc3 62. Ka2 Kc2 63. h5 Nxh5 64. g4 Nf4 65. g5 Ng6 {[%emt 0:00:02] Weighted Error Value: White=0.56/Black=0.35} 0-1

[Event "3rd Sharjah Challengers 2023"]
[Site "Sharjah"]
[Date "2023.05.25"]
[Round "9.6"]
[White "Begmuratov, Khumoyun"]
[Black "Rios, Cristhian Camilo"]
[Result "0-1"]
[ECO "B51"]
[WhiteElo "2387"]
[BlackElo "2469"]
[Annotator "TA"]
[PlyCount "116"]
[EventDate "2023.05.16"]
[EventType "swiss"]
[EventCountry "UAE"]
[SourceTitle "playchess.com"]
[Source "ChessBase"]
[SourceQuality "1"]
[TimeControl "5400+30"]

1. e4 c5 2. Nf3 d6 3. Bb5+ Nd7 4. Ba4 Ngf6 5. O-O a6 {[%emt 0:00:30][%cal Ob7b5] [#] White must now prevent ...b5!} 6. c4 {[%emt 0:00:09] B51: Sicilian: Moscow Variation (3 Bb5+) without 3...Bd7.} e6 7. Nc3 Be7 8. d4 {[%emt 0:02:40] The position is equal.} cxd4 9. Qxd4 O-O 10. Bxd7 {[%emt 0:16:29] [#]} Nxd7 $146 ({Predecessor:} 10... Bxd7 11. e5 dxe5 12. Nxe5 Be8 13. Be3 Qc7 14. f4 Rd8 15. Qb6 Qc8 16. Rad1 Nd7 17. Nxd7 Bxd7 {0-1 Agmanov,Z (2402)-Can,E (2593) Abu Dhabi op 26th 2019 (5)}) 11. Rd1 b6 12. e5 dxe5 13. Nxe5 Nxe5 14. Qxe5 Bd7 (14... Qe8 $11) 15. Qg3 Ra7 {[%emt 0:18:11] [#]} ({Black should play} 15... f5 $14) 16. Bh6 $1 $16 Bf6 17. Ne4 Qe7 (17... Bxb2 $2 18. Rab1 Kh8 19. Be3 (19. Rxb2 gxh6 20. Qf4 f6 $18)) 18. Be3 (18. Rd6 $16) 18... Bxb2 $14 19. Bxb6 Ba4 $1 20. Bc5 (20. Rab1 $5 Rd7 21. Rxd7 Qxd7 22. Nc5 $14 (22. Rxb2 $2 Qd1#)) 20... Qc7 {[%emt 0:01:21] Chess con chili.} 21. Bxa7 (21. Bd6 $5 Bxd1 22. Bxc7 Bxa1 23. Be5 Bxe5 24. Qxe5 $11) 21... Qxa7 22. Rab1 {[%emt 0:02:23] Rd2 is the strong threat.} Bxd1 23. Rxd1 Bd4 24. Qd6 e5 25. Rb1 {[%emt 0:00:01] Prevents Qb7} Qa8 $40 {[%emt 0:01:31][%mdl 128] White needs to defend precisely.} 26. Ng5 (26. h3 $11) 26... Qc8 $1 $15 27. Nf3 Qxc4 28. Nxd4 {[%emt 0:00:05] Strongly threatening Nf5.} exd4 {[%emt 0:00:10][%mdl 4096] Endgame KQR-KQR} 29. h3 $1 {[%emt 0:00:53] Hoping for Rb8.} h6 (29... Qxa2 $2 30. Rb8 h6 31. Qxf8+ $18) 30. Rd1 (30. a3 $1 $11 {remains equal.}) 30... Qxa2 $17 31. Qxd4 Qe6 32. Qa7 Rc8 33. Ra1 Qf6 34. Rd1 (34. Rxa6 $15 Rc1+ 35. Kh2 Qe5+ 36. g3) 34... g5 35. Qd7 Rb8 (35... Rc2 $17 36. Qd8+ Qxd8 37. Rxd8+ Kg7) 36. Qc7 (36. Qd6 $11 Rb6 37. Qxf6 Rxf6 38. g4) 36... Re8 {[%emt 0:00:11] White is now going downhill.} 37. Qd7 Kf8 38. Qd3 Kg7 39. Qg3 Re4 40. f3 Rd4 41. Re1 (41. Rf1 $17) 41... Rf4 42. Qf2 a5 43. Qc5 {[%emt 0:00:26] Inhibits Rc4.} Rf5 44. Qc4 Qb6+ 45. Kh1 Qb4 46. Qc1 Rc5 {[%emt 0:00:49] Black is more active.} 47. Qd1 (47. Qa1+ $17 Kg6 48. Re4) 47... Qb2 48. Qd7 $2 (48. Qa4 $17) 48... Rc1 $19 49. Rxc1 Qxc1+ {[%emt 0:00:05] KQ-KQ} 50. Kh2 Qf4+ 51. Kh1 a4 {[%emt 0:00:08] ( -> ...a3)} 52. Qa7 Qb4 {[%emt 0:00:32] Black mates.} 53. Qe3 Qb2 54. h4 a3 55. hxg5 h5 56. f4 a2 57. Kh2 a1=Q 58. g6 Qbc1 {[%emt 0:00:28] Weighted Error Value: White=0.42/Black=0.11 (very precise)} 0-1

[Event "3rd Sharjah Challengers 2023"]
[Site "Sharjah"]
[Date "2023.05.25"]
[Round "9.7"]
[White "Socko, Monika"]
[Black "Mammadova, Gulnar"]
[Result "1/2-1/2"]
[ECO "D00"]
[WhiteElo "2406"]
[BlackElo "2349"]
[Annotator "TA"]
[PlyCount "48"]
[EventDate "2023.05.16"]
[EventType "swiss"]
[EventCountry "UAE"]
[SourceTitle "playchess.com"]
[Source "ChessBase"]
[SourceQuality "1"]
[TimeControl "5400+30"]

1. d4 Nf6 2. Bg5 d5 3. Bxf6 gxf6 4. e3 e5 5. Nf3 Nc6 {[%emt 0:04:05] The position is equal.} 6. Nc3 {[%emt 0:08:46] D00: 1 d4 d5: Unusual lines.} Be6 7. a3 a6 8. Qd2 Qd7 {[%emt 0:03:57] [#]} 9. Be2 $146 ({Predecessor:} 9. O-O-O O-O-O 10. h3 Bh6 11. Kb1 Rhe8 12. Na2 exd4 13. Nxd4 Rg8 14. Nxc6 Qxc6 15. Qd4 {1-0 Kfoury,R-Abchee,A Francophone op 2nd 2014 (4)}) 9... e4 10. Nh4 f5 11. g3 f4 12. exf4 Bg7 {[%emt 0:01:47] [#]} 13. f5 $1 {[%emt 0:02:44][%mdl 64] Decoy} Bxf5 {[%emt 0:01:08] Hoping for ...Be6.} 14. Qg5 Bg6 15. Nxd5 {[%emt 0:16:32] Threatening c3.} h6 16. Nf6+ Bxf6 17. Qxf6 Qxd4 18. Qxd4 Nxd4 19. Bd1 Bh7 20. c3 Nc6 21. Ba4 b5 22. Bc2 O-O-O 23. Ke2 Ne5 24. Rhd1 Nc4 {[%emt 0:03:24] A rather calm draw.   Weighted Error Value: White=0.02 (flawless) /Black=0.02 (flawless)} 1/2-1/2

[Event "3rd Sharjah Challengers 2023"]
[Site "Sharjah"]
[Date "2023.05.25"]
[Round "9.8"]
[White "Liyanage, Ranindu Dilshan"]
[Black "Tissir, Mohamed"]
[Result "1-0"]
[ECO "C41"]
[WhiteElo "2342"]
[BlackElo "2354"]
[Annotator "TA"]
[PlyCount "97"]
[EventDate "2023.05.16"]
[EventType "swiss"]
[EventCountry "UAE"]
[SourceTitle "playchess.com"]
[Source "ChessBase"]
[SourceQuality "1"]
[TimeControl "5400+30"]

1. d4 d6 2. e4 Nf6 3. Nc3 e5 4. Nf3 exd4 5. Nxd4 Be7 6. Be2 O-O 7. O-O Re8 8. f4 Bf8 9. Bf3 Na6 {[%emt 0:01:09] C41: Philidor Defence.} 10. Nb3 c6 11. g4 {[%emt 0:06:46] [#]} h6 $146 {[%emt 0:08:56] The position is equal.} ({Predecessor:} 11... d5 12. exd5 Nxd5 13. Nxd5 cxd5 14. Qxd5 Qxd5 15. Bxd5 Nb4 16. Bf3 Nxc2 17. Rb1 a5 {½-½ Vratonjic,S (2402)-Jevtic,M (2343) SRB-chT Valjevo 2018 (9.4)}) 12. h3 Be6 (12... Nc7 $15) 13. Nd4 Bc8 14. Nde2 (14. Re1 $11) 14... Nc5 15. Ng3 a5 16. a4 (16. Kg2 $11) 16... Qc7 17. h4 Qd7 18. f5 Qc7 {[%emt 0:00:11] [#]} (18... d5 $11 {remains equal.} 19. exd5 Bd6) 19. Bf4 $1 $16 Qb6 {[%emt 0:04:56][%csl LRa4,LRb2,LRe4] ...Ne6+ would be deadly.} 20. Kg2 Nfd7 (20... Qxb2 $2 21. Qd2 $18) ({Black should try} 20... d5) 21. g5 (21. Bxd6 $6 Bxd6 22. Qxd6 Qxb2 $11) 21... hxg5 $2 {[%emt 0:01:35] This costs Black the game.} (21... Qxb2 $2 22. Qd2) (21... Qd8 $16 {keeps fighting.} 22. Be2 (22. Bxd6 hxg5 23. hxg5 Qxg5 $16) 22... b6) 22. hxg5 $18 {[%emt 0:00:07] Black must now prevent Rh1.} g6 $2 {[%emt 0:00:03] [#]} (22... Qxb2 $2 23. Qd2 $18) (22... Ne5 23. Rh1 Qxb2) 23. f6 $2 (23. Bxd6 Ne5 24. fxg6 Nxg6 $18) (23. fxg6 Ne5 24. Bxe5 Rxe5 25. Bg4) 23... Ne6 (23... Qxb2 $2 24. Qd2 $18) 24. Qd2 {[%emt 0:01:25] aiming for Be3. Active counter play!} Qd8 25. Rh1 (25. Bxd6 $2 {perishes.} Ne5 26. Rfd1 Bxd6 27. Qxd6 Nf4+ 28. Kf2 Qb6+ 29. Qd4 Nfd3+ 30. Rxd3 Nxd3+ 31. Ke3 Qc7 32. cxd3 Qxg3 $19) 25... Nxf6 26. gxf6 Qxf6 27. Be3 {[%emt 0:01:22] Threatens to win with Raf1.} (27. Bxd6 $2 {loses.} Bxd6 28. Nce2 Nf4+ 29. Nxf4 Bxf4 $19) 27... Qe5 28. Rad1 Be7 29. Bg4 Bf6 30. Qxd6 Qxd6 31. Rxd6 Be5 32. Rdd1 Nf4+ 33. Kf3 Bxg4+ 34. Kxg4 Ne6 35. Rd7 Rad8 36. Rhd1 Rxd7 37. Rxd7 b5 38. Nge2 ({Don't take} 38. axb5 Bxc3 39. bxc3 cxb5 $18) 38... bxa4 39. Nxa4 Rb8 40. c3 {[%emt 0:00:30] Wards off Rb4} Re8 41. Kf3 Ng7 42. Bd4 {[%emt 0:00:32] White is clearly winning.} Nh5 43. Nc5 Nf6 44. Ra7 g5 45. Rxa5 g4+ 46. Kg2 Kh7 47. Ng3 Kg6 48. Ra6 Bxg3 49. Bxf6 {[%emt 0:00:31] Weighted Error Value: White=0.32/Black=0.38} 1-0

[Event "3rd Sharjah Challengers 2023"]
[Site "Sharjah"]
[Date "2023.05.25"]
[Round "9.9"]
[White "Haznedaroglu, Kivanc"]
[Black "George Micheal, Kevin"]
[Result "1-0"]
[ECO "B95"]
[WhiteElo "2418"]
[BlackElo "2149"]
[Annotator "TA"]
[PlyCount "51"]
[EventDate "2023.05.16"]
[EventType "swiss"]
[EventCountry "UAE"]
[SourceTitle "playchess.com"]
[Source "ChessBase"]
[SourceQuality "1"]
[TimeControl "5400+30"]

1. e4 c5 2. Nf3 d6 3. d4 cxd4 4. Nxd4 Nf6 5. Nc3 a6 6. Bg5 e6 7. Qf3 Be7 8. O-O-O Qc7 {[%emt 0:01:11] 8...Qc7 is better than 8...Nbd7.} 9. Qg3 b5 {[%emt 0:07:51] [#] B95: Sicilian Najdorf: 6 Bg5 e6, unusual White 7th moves.} (9... Nbd7 $11 {remains equal.}) 10. Bxb5+ $1 $16 axb5 11. Ndxb5 Qc6 (11... Qc5 $14 12. Be3 Qc6) 12. Nxd6+ $18 Kf8 (12... Bxd6 {was necessary.} 13. Rxd6 Qc4 14. Bxf6 gxf6) 13. e5 Ng8 (13... Nbd7 14. exf6 Nxf6) 14. Bxe7+ Nxe7 15. Qf4 {[%emt 0:00:14][%csl Gd6][%cal Rf4f7] [#]} f5 $146 ({Predecessor:} 15... Nf5 16. Nxf5 {1-0 De Arruda Filho,R-Gomes,C BRA-ch62 sf Florianopolis 1995 (2)}) 16. exf6 Ng6 17. fxg7+ Kxg7 18. Qf7+ ({Not} 18. Qg5 Na6 19. h4 Qc5 $18) 18... Kh6 {[%emt 0:00:05] Hoping for ...Rf8.} 19. g4 {[%emt 0:00:43] Nce4 would kill now.} e5 {[%emt 0:14:34] [#]} 20. g5+ $1 {[%emt 0:03:03][%mdl 576] Decoy} Kxg5 (20... Kh5 21. Rhg1) 21. Rhg1+ {[%emt 0:00:53] White mates.} Kh6 22. Qf6 Qc7 {[%emt 0:04:13] [#]} 23. Rxg6+ $1 {[%emt 0:00:27][%mdl 576] Remove Defender} hxg6 24. Qxh8+ Kg5 25. Qxe5+ Kh6 26. Nf5+ {[%emt 0:00:08] A cool game by Haznedaroglu.   Weighted Error Value: White=0.01 (flawless) /Black=0.89} 1-0